 Dungeon Crawl Stone Soup version 0.28.0-53-g5a82cb258f (webtiles) character file.

Game seed: 10590609684581258266

30994 sanboga the Severer (level 13, -2/124 HPs)
             Began as a Minotaur Berserker on July 17, 2022.
             Was a High Priest of Trog.
             Shot with an arrow by Nessos (9 damage)
             ... on level 13 of the Dungeon.
             The game lasted 00:16:05 (13670 turns).

sanboga the Severer (Minotaur Berserker)           Turns: 13670, Time: 00:16:06

Health: -2/124     AC: 23    Str: 26    XL:     13   Next: 23%
Magic:  12/12      EV:  9    Int:  4    God:    Trog [*****.]
Gold:   281        SH:  0    Dex: 11    Spells: 12/12 levels left

rFire   . . .      SeeInvis +   l - +14 obsidian axe {vorpal, Mesm Drain Fly SInv}
rCold   . . .      Faith    .   (no shield)
rNeg    . . .      Spirit   .   w - +0 storm dragon scales
rPois   .          Reflect  .   (helmet restricted)
rElec   +          Harm     .   d - +2 cloak
rCorr   .          Rampage  .   (no gloves)
Will    .....                   u - +2 pair of boots
Stlth   ..........              e - amulet of regeneration
HPRegen 1.10/turn               y - ring of see invisible
MPRegen 0.13/turn               t - ring of flight

@: on berserk cooldown, flying, mesmerised, slowed, very slow
A: horns 2, retaliatory headbutt
a: Renounce Religion, Berserk, Trog's Hand, Brothers in Arms


You were on level 13 of the Dungeon.
You worshipped Trog.
Trog was extremely pleased with you.
You visited 1 branch of the dungeon, and saw 13 of its levels.

You collected 1079 gold pieces.
You spent 798 gold pieces at shops.

Inventory:

Hand Weapons
 l - the +14 obsidian axe (weapon) {vorpal, Mesm Drain Fly SInv}
   (You acquired it on level 10 of the Dungeon)

   It inflicts extra damage upon your enemies.
   It occasionally summons demons to assist the wielder when it strikes in
   combat.
   Its wielder is mesmerised by any visible foes.
   It cannot be unequipped while any foes are visible.
   SInv:      It lets you see invisible.
   Fly:       It grants you flight.
   Drain:     It drains your maximum health when unequipped.
 M - the +9 sword of Zonguldrok {reap}
   (You took it off a deep elf pyromancer on level 12 of the Dungeon)

   Any living foe damaged by it may be reanimated upon death as a zombie
   friendly to the wielder, with an increasing chance as more damage is dealt.
 N - a +6 vorpal battleaxe
Armour
 d - a +2 cloak (worn)
 u - a +2 pair of boots (worn)
 w - +0 storm dragon scales (worn)
Jewellery
 e - an amulet of regeneration (around neck)
 p - a ring of protection from cold
 t - a ring of flight (right hand)
 y - a ring of see invisible (left hand)
 C - a ring of poison resistance
 D - a ring of resist corrosion
 L - a +4 ring of evasion
Wands
 v - a wand of polymorph (6)
 z - a wand of flame (56)
 E - a wand of paralysis (13)
 F - a wand of acid (7)
 G - a wand of iceblast (5)
Scrolls
 a - a scroll of summoning
 c - 6 scrolls of teleportation
 i - a scroll of fear
 k - 5 scrolls of blinking
 q - a scroll of silence
 r - a scroll of enchant weapon
 s - a scroll of enchant armour
 x - 2 scrolls of magic mapping
 A - a scroll of holy word
 B - 3 scrolls of fog
 K - a scroll of identify
Potions
 f - 2 potions of flight
 g - 4 potions of haste
 h - a potion of curing
 j - 2 potions of invisibility
 m - 3 potions of magic
 n - 3 potions of mutation {unknown}
 o - a potion of resistance {unknown}
 I - a potion of cancellation {unknown}
 J - a potion of brilliance {unknown}


   Skills:
 + Level 14.0 Fighting
 * Level 19.0 Axes
 + Level 13.8 Armour
 - Level 2.1 Dodging


You had 12 spell levels left.
You didn't know any spells.
Your spell library was empty.

Dungeon Overview and Level Annotations

Branches:
Dungeon (13/15)            Temple (0/1) D:4            Lair (0/6) D:10
    Orc (0/2) D:12
 Vaults: D:13-14

Altars:
Dithmenos
Gozag
Hepliaklqana
Yredelemnul
Beogh

Shops:
D:7 *   D:8 *

Annotations:
D:13 Nessos


Innate Abilities, Weirdness & Mutations

You have a pair of horns on your head.
You reflexively headbutt those who attack you in melee.


Message History

The boulder beetle is almost dead.
You feel sick.
Nessos shoots an arrow.
The arrow barely misses your smoke demon.
The arrow hits you but does no damage.
The boulder beetle completely misses you.
Nessos shoots an arrow.
The arrow hits your smoke demon!! The arrow burns your smoke demon.
Your smoke demon dies!
Your smoke demon disappears in a puff of smoke!
You slash the boulder beetle!
You break out of your daze!
You kill the boulder beetle!
Trog accepts your kill.
Visions of slaying Nessos flood into your mind.
You feel sick.
Nessos gestures wildly while chanting.
Nessos blinks!
Nessos shoots an arrow.
The arrow hits you!
* * * LOW HITPOINT WARNING * * *
The arrow burns you.
* * * LOW HITPOINT WARNING * * *
Nessos mumbles some strange words.
Nessos blinks!
Blink to where?
Press: ? - help, Dir - move target
As you read the scroll of blinking, it crumbles to dust.
You feel sick.
Nessos unwields a +1 longbow of flaming.
It stops flaming.
Nessos hits you but does no damage. Nessos kicks you but does no damage.
Nessos mumbles some strange words.
Nessos blinks!
Nessos mumbles some strange words.
Nessos blinks!
You feel better.
Nessos wields a +1 longbow of flaming.
It bursts into flame!
Nessos shoots an arrow.
The arrow hits you!
* * * LOW HITPOINT WARNING * * *
The arrow burns you.
* * * LOW HITPOINT WARNING * * *
Nessos shoots an arrow.
The arrow hits you!
You die...

##+######## # .### ..#
########.## #.........#
#.........# ######.####
###.........#####...†......
...........<§@....####.####
#......c?.#######
#####.##### ##.# #..# #.##
#.# ### ####'#####
..####........#


You could see Nessos (mesmerising, fast).

Vanquished Creatures
  An ettin (D:10)
  Harold (D:11)
  3 boulder beetles
  A hydra (D:12)
  The ghost of Jackthecabe the Grappler, a novice TrHu of Qazlal (D:10)
  A death knight (D:8)
  10 two-headed ogres
  Erica (D:8)
  A deep elf pyromancer (D:12)
  2 orc knights (D:12)
  2 ugly things (D:12)
  The ghost of styxcanada the Covert, a novice SpBr of Gozag (D:7)
  3 cyclopes (D:12)
  2 manticores
  Joseph (D:9)
  3 gargoyles
  A kobold demonologist (D:12)
  Psyche (D:11)
  A komodo dragon (D:12)
  2 trolls
  A hornet (D:12)
  14 slime creatures
  2 vampires
  12 yaks
  2 shadows
  A wyvern (D:8)
  2 wraiths
  A basilisk (D:11)
  3 vampire mosquitoes (D:10)
  Menkaure (D:7)
  A water moccasin (D:7)
  2 sky beasts
  A black bear (D:10)
  8 orc warriors
  A necrophage (D:4)
  An ogre (D:4)
  3 centaurs
  2 phantoms (D:4)
  2 kobold brigands (D:8)
  2 bullfrogs
  3 scorpions
  A wyvern skeleton (D:7)
  3 killer bees (D:9)
  3 wights (D:9)
  An electric eel (D:8)
  4 howler monkeys
  6 centaur zombies
  A centaur skeleton (D:7)
  2 bullfrog zombies
  2 hounds
  2 jellies
  8 orc priests
  A bullfrog skeleton (D:5)
  Natasha (thrice) (D:2)
  Terence (D:2)
  5 orc wizards
  An iguana (D:4)
  2 hound skeletons (D:4)
  4 gnolls
  7 adders
  2 white imps (D:8)
  3 ufetubi (D:5)
  2 adder skeletons (D:4)
  5 dart slugs
  47 orcs
  3 bats
  9 endoplasms
  5 giant cockroaches
  11 goblins
  13 hobgoblins
  A jackal (D:4)
  15 kobolds
  2 quokkas
  7 ball pythons
  3 frilled lizards
  6 rats
295 creatures vanquished.

Vanquished Creatures (collateral kills)
  A boulder beetle (D:12)
  A two-headed ogre (D:11)
  An elephant (D:10)
  A wind drake (shapeshifter) (D:13)
  A slime creature (D:12)
  A basilisk (D:10)
  2 yaks (D:12)
  An orc warrior (D:10)
  2 orc wizards
  2 orcs
13 creatures vanquished.

Vanquished Creatures (others)
  14 plants (D:2)
14 creatures vanquished.

Grand Total: 322 creatures vanquished

Notes
Turn   | Place    | Note
-------+----------+-------------------------------------------
     0 | D:1      | sanboga the Minotaur Berserker began the quest for the Orb.
     0 | D:1      | Reached XP level 1. HP: 19/19 MP: 0/0
   204 | D:1      | Reached skill level 4 in Axes
   243 | D:1      | Reached XP level 2. HP: 23/27 MP: 1/1
   704 | D:1      | Reached XP level 3. HP: 29/33 MP: 2/2
  1113 | D:2      | Found a faded altar of an unknown god.
  1127 | D:2      | Noticed Natasha
  1133 | D:2      | Killed Natasha
  1133 | D:2      | Reached ** piety under Trog
  1134 | D:2      | Reached skill level 5 in Axes
  1134 | D:2      | Reached XP level 4. HP: 29/41 MP: 3/3
  1294 | D:2      | Noticed Terence
  1302 | D:2      | Killed Terence
  1519 | D:2      | Reached XP level 5. HP: 42/47 MP: 4/4
  2573 | D:2      | Noticed Natasha
  2597 | D:2      | Killed Natasha
  2608 | D:2      | Noticed Natasha
  2618 | D:2      | Killed Natasha
  2619 | D:2      | Reached skill level 6 in Axes
  2854 | D:3      | Reached skill level 5 in Fighting
  3176 | D:3      | Reached *** piety under Trog
  3404 | D:3      | Reached XP level 6. HP: 54/56 MP: 5/5
  3929 | D:4      | Noticed a two-headed ogre
  3935 | D:4      | Reached skill level 7 in Axes
  3941 | D:4      | Killed a two-headed ogre
  3942 | D:4      | Reached skill level 8 in Axes
  3942 | D:4      | Reached XP level 7. HP: 36/64 MP: 6/6
  3942 | D:4      | Reached XP level 8. HP: 40/71 MP: 7/7
  4056 | D:4      | Reached skill level 9 in Axes
  4249 | D:4      | Found a staircase to the Ecumenical Temple.
  5063 | D:5      | Entered Level 5 of the Dungeon
  5246 | D:5      | Reached skill level 10 in Axes
  5256 | D:5      | Identified the +2 robe of Spring Thaw {rPois Will+++ Str-3}
  5812 | D:5      | Reached **** piety under Trog
  6655 | D:7      | Reached XP level 9. HP: 73/81 MP: 8/8
  7069 | D:7      | Reached skill level 11 in Axes
  7083 | D:7      | Noticed Menkaure
  7093 | D:7      | Killed Menkaure
  7383 | D:7      | Found a runed translucent gate.
  7384 | D:7      | Found a runed translucent gate.
  7384 | D:7      | Found a runed translucent gate.
  7384 | D:7      | Noticed a two-headed ogre
  7385 | D:7      | Found an opulent altar of Gozag.
  7385 | D:7      | Noticed styxcanada's ghost (novice SpBr)
  7404 | D:7      | Found Ydoig's General Store.
  7411 | D:7      | Bought a potion of lignification for 39 gold pieces
  7411 | D:7      | Bought a scroll of noise for 13 gold pieces
  7411 | D:7      | Bought a scroll of teleportation for 39 gold pieces
  7411 | D:7      | Bought a scroll of fog for 26 gold pieces
  7627 | D:8      | Noticed a gargoyle
  7640 | D:8      | Killed a gargoyle
  8205 | D:8      | Reached skill level 12 in Axes
  8271 | D:8      | Noticed Erica
  8288 | D:8      | Killed Erica
  8289 | D:8      | Reached XP level 10. HP: 91/91 MP: 9/9
  8424 | D:8      | Found a transporter.
  8424 | D:8      | Noticed a manticore
  8427 | D:8      | Noticed a death knight
  8428 | D:8      | Found a shadowy altar of Dithmenos.
  8428 | D:8      | Noticed a two-headed ogre
  8498 | D:8      | Found Roer's Island Escapes.
  8507 | D:8      | Bought a scroll of blinking for 112 gold pieces
  8507 | D:8      | Bought a potion of invisibility for 120 gold pieces
  8553 | D:8      | Found a transporter.
  8764 | D:7      | Killed styxcanada's ghost
  8764 | D:7      | Killed a two-headed ogre
  8765 | D:7      | Reached skill level 10 in Fighting
  8765 | D:7      | Reached skill level 13 in Axes
  9122 | D:8      | Killed a two-headed ogre
  9351 | D:8      | Killed a death knight
  9352 | D:8      | Reached skill level 14 in Axes
  9352 | D:8      | Reached skill level 10 in Armour
  9650 | D:8      | Killed a manticore
 10030 | D:9      | Noticed a two-headed ogre
 10039 | D:9      | Killed a two-headed ogre
 10040 | D:9      | Reached XP level 11. HP: 101/101 MP: 10/10
 10249 | D:8      | Bought 3 scrolls of blinking for 337 gold pieces
 10364 | D:9      | Noticed Joseph
 10378 | D:9      | Killed Joseph
 10428 | D:9      | Noticed a two-headed ogre
 10434 | D:9      | Killed a two-headed ogre
 10522 | D:9      | Reached skill level 15 in Axes
 10831 | D:10     | Entered Level 10 of the Dungeon
 10891 | D:10     | Found a staircase to the Lair.
 11155 | D:10     | Identified the +8 short sword of Tenacity {elec, rPois
                  | Str+4 Int-3 Dex+4}
 11196 | D:10     | Noticed an ettin
 11199 | D:10     | Found a runed translucent gate.
 11199 | D:10     | Found a runed translucent gate.
 11201 | D:10     | Noticed a boulder beetle
 11206 | D:10     | Noticed Jackthecabe's ghost (novice TrHu)
 11207 | D:10     | Noticed a two-headed ogre
 11242 | D:10     | Found a runed translucent gate.
 11624 | D:10     | Identified a scroll of acquirement
 11627 | D:10     | Acquired the +14 obsidian axe {vorpal, Mesm Drain Fly SInv}
 11627 | D:10     | Found the +14 obsidian axe {vorpal, Mesm Drain Fly SInv}
 11646 | D:10     | Killed a two-headed ogre
 11649 | D:10     | Killed an ettin
 11651 | D:10     | Killed a boulder beetle
 11652 | D:10     | Reached skill level 16 in Axes
 11653 | D:10     | Killed Jackthecabe's ghost
 11798 | D:8      | Bought a scroll of blinking for 112 gold pieces
 11877 | D:11     | Noticed Harold
 11886 | D:11     | Killed Harold
 12037 | D:11     | Noticed Psyche
 12042 | D:11     | Killed Psyche
 12043 | D:11     | Reached XP level 12. HP: 110/112 MP: 11/11
 12122 | D:11     | Noticed a two-headed ogre
 12126 | D:11     | Killed a two-headed ogre
 12212 | D:11     | Noticed a two-headed ogre
 12215 | D:11     | Killed a two-headed ogre
 12645 | D:12     | Reached skill level 17 in Axes
 12664 | D:12     | Reached ***** piety under Trog
 12789 | D:12     | Identified the +1 leather armour of the Solstice {rN+
                  | Int+2}
 12789 | D:12     | Noticed a boulder beetle
 12790 | D:12     | Found a basalt altar of Yredelemnul.
 12790 | D:12     | Found a hazy altar of Hepliaklqana.
 12795 | D:12     | Noticed a two-headed ogre
 12801 | D:12     | Found a shadowy altar of Dithmenos.
 12801 | D:12     | Found a shadowy altar of Dithmenos.
 12809 | D:12     | Received a gift from Trog
 12810 | D:12     | Killed a boulder beetle
 12812 | D:12     | Killed a two-headed ogre
 12849 | D:12     | Noticed a two-headed ogre
 12852 | D:12     | Killed a two-headed ogre
 12853 | D:12     | Reached skill level 18 in Axes
 12906 | D:12     | Noticed a four-headed hydra
 12907 | D:12     | Noticed a boulder beetle
 12918 | D:12     | Killed a seven-headed hydra
 12931 | D:12     | Killed a boulder beetle
 12952 | D:12     | Reached XP level 13. HP: 113/123 MP: 12/12
 13065 | D:12     | Found a staircase to the Orcish Mines.
 13588 | D:13     | Reached skill level 19 in Axes
 13648 | D:13     | Noticed Nessos
 13670 | D:13     | Shot with an arrow by Nessos

Illustrated notes

Levels and vault maps discovered:
D:1:      lightli_arrival_noodles, layout_loops_ring, minmay_misc_feat_alley,
          roderic_lattice_a, minmay_misc_feat_doors, hex_tiny, solitary_fountain
D:2:      layout_basic, basic_ecumenical_altar, nicolae_grassy_gnolls,
          uniq_terence, uniq_natasha
D:3:      layout_basic
D:4:      layout_loops_ring, minmay_temple_entry_grid, serial_park_tiny_2,
          minmay_divided_ellipse
D:5:      layout_gridville
D:6:      layout_rooms, roderic_serpentine_path, minivault_25, hex_medium
D:7:      layout_loops_ring, serial_shops, nicolae_shop_stone,
          ebering_ghost_gozag, uniq_menkaure
D:8:      cheibrodos_helix_gallery, layout_basic,
          gammafunk_temple_overflow_arena, nicolae_island_escapes, uniq_erica
D:9:      layout_cave_pools, grunt_ministairs_1, uniq_joseph
D:10:     layout_gridville, david_lair_generic, gammafunk_ghost_split
D:11:     layout_long_grid, chequers_decorated_corner, uniq_harold, uniq_psyche
D:12:     minmay_the_grid_octo_triangle [minmay_the_grid_octo_fan_narrow,
          minmay_the_grid_octo_prize_ultimate_mussel_roller,
          minmay_the_grid_octo_shrine], layout_irregular_city, david_orc_5
D:13:     layout_roguey [special_room_bee], nrook_guardian_serpent_ordinary,
          uniq_nessos

Skill      XL: |  1  2  3  4  5  6  7  8  9 10 11 12 13 |
---------------+----------------------------------------+-----
Axes           | 4 5 6 8 10 12 14 16 18 19 | 19.0
Fighting       | 4 5 6 7 9 10 12 13 14 | 14.0
Armour         | 3 4 6 7 8 10 12 13 | 13.8
Dodging        | |  2.1

Action                   |  1- 3 |  4- 6 |  7- 9 | 10-12 | 13-15 || total
-------------------------+-------+-------+-------+-------+-------++-------
Melee: Hand axe          |    51 |   139 |       |       |       ||   190
       Headbutt          |     6 |    26 |    42 |    48 |    13 ||   135
       War axe           |       |    31 |   186 |    50 |       ||   267
       Punch             |       |       |     3 |     5 |       ||     8
       Battleaxe         |       |       |       |   107 |       ||   107
       Broad axe         |       |       |       |   114 |    55 ||   169
Invok: Berserk           |       |     1 |     3 |     8 |     2 ||    14
Evoke: Wand              |       |       |     6 |       |       ||     6
  Use: Scroll            |       |       |     6 |     9 |     1 ||    16
       Potion            |       |       |     1 |       |     5 ||     6
 Stab: Sleeping          |       |     2 |       |       |       ||     2
       Distracted        |       |       |       |     2 |       ||     2
Armor: Animal skin       |    17 |    40 |    21 |       |       ||    78
       Storm dragon scal |       |       |    64 |   173 |    27 ||   264
Dodge: Dodged            |    43 |   102 |    73 |   125 |    16 ||   359
